 Dungeon Crawl Stone Soup version 0.29.1-15-g9cfb28693d (webtiles) character file.

Game seed: 7664714605197467320

85 leafyfresh the Sneak (level 4, 0/33 HPs)
             Began as an Octopode Delver on Mar 4, 2023.
             Slain by a ball python (1 damage)
             ... on level 3 of the Dungeon.
             The game lasted 00:00:44 (645 turns).

leafyfresh the Sneak (Octopode Delver)               Turns: 645, Time: 00:00:44

Health: 0/33       AC:  1    Str: 17    XL:     4   Next: 48%
Magic:  4/4        EV: 10    Int: 14    God:
Gold:   18         SH:  0    Dex: 13    Spells: 3/3 levels left

rFire   . . .      SeeInvis .   a - +0 short sword
rCold   . . .      Faith    .   (no shield)
rNeg    . . .      Spirit   .   (helmet restricted)
rPois   .          Reflect  .   (no amulet)
rElec   .          Harm     .   h - +6 ring of strength
rCorr   .          Rampage  .   (no ring)
Will    .....                   (no ring)
Stlth   +++++.....              (no ring)
HPRegen 0.11/turn               (no ring)
MPRegen 0.09/turn               (no ring)
                                (no ring)
                                (no ring)

@: constricted
A: almost no armour, amphibious, 8 rings, camouflage 1, gelatinous body 1,
(nimble swimmer 1), tentacles
a: no special abilities


You were on level 3 of the Dungeon.
You visited 1 branch of the dungeon, and saw 3 of its levels.

You collected 18 gold pieces.

Inventory:

Hand Weapons
 a - a +0 short sword (weapon)
Jewellery
 h - a +6 ring of strength (left tentacle)
Wands
 f - a wand of digging (3)
Scrolls
 b - a scroll of fog
 c - a scroll of magic mapping
 d - a scroll of fear
Potions
 e - a potion of haste
 g - a potion of might {unknown}


   Skills:
 + Level 3.8 Fighting
 - Level 2.0 Short Blades
 + Level 3.0 Dodging
 + Level 7.4 Stealth


You had 3 spell levels left.
You didn't know any spells.
Your spell library was empty.

Dungeon Overview and Level Annotations

Branches:
Dungeon (5/15)
 Temple: D:4-7

Altars:


Innate Abilities, Weirdness & Mutations

You cannot wear most types of armour.
You are amphibious.
You can wear up to eight rings at the same time.
Your skin changes colour to match your surroundings (Stealth+).
Your rubbery body absorbs attacks. (AC +1, EV +1)
((You are camouflaged when in or above water. (Stealth+)))
You have tentacles for arms and can constrict up to eight enemies at once.


Message History

The ball python misses you. The hound closely misses you.
The orc attacks as you move away! The orc closely misses you.
The hound attacks as you move away! The hound bites you.
The orc attacks as you move away! The orc hits you with a +0 short sword.
A goblin comes into view. It is wielding a +0 dagger.
Found a scroll labelled NICZIS FOV.
The hound barely misses you.
The goblin moves out of view.
Found 13 gold pieces.
The hobgoblin shouts!
You hear an angry hiss.
The hound closely misses you.
There is an escape hatch in the ceiling here.
The hound completely misses you. The orc hits you with a +0 short sword.
The ball python bites you but does no damage.
The ball python grabs you.
You stop ascending the stairs.
The ball python constricts you.
Unknown command.
You escape the ball python's grasp.
The hound closely misses you. The orc hits you with a +0 short sword.
The hound bites you. A mysterious force pulls you upwards.
The hatch slams shut behind you.
Found a fuming grey potion, a spear and 7 stones.
Unknown command.
Unknown command.
You hit the hound but do no damage. Your grab misses the hound.
The ball python bites you. The ball python closely misses you.
The hound closely misses you. The orc hits you with a +0 short sword.
The ball python barely misses you. The ball python grabs you.
The ball python constricts you.
You hit the hound. Your grab misses the hound.
The hound is lightly wounded.
The hound closely misses you. The orc closely misses you.
The ball python barely misses you. The ball python constricts you.
The hound bites you.
* * * LOW HITPOINT WARNING * * *
You barely miss the hound. You grab the hound. You squeeze the hound!
The hound is heavily wounded.
You constrict the hound, but do no damage.
The hound bites you but does no damage. The orc hits you with a +0 short sword.
* * * LOW HITPOINT WARNING * * *
The ball python bites you.
You die...

..............
.............#
.............#
(............#.
............)..
...............
......hS.....#
.......@o!...#
#...##########
#


You could see a hound, an orc and a ball python.

Vanquished Creatures
  A necrophage (D:5)
  A hound (D:5)
2 creatures vanquished.

Notes
Turn   | Place    | Note
-------+----------+-------------------------------------------
     0 | D:5      | leafyfresh the Octopode Delver began the quest for the Orb.
     0 | D:5      | Reached XP level 1. HP: 16/16 MP: 1/1
    25 | D:5      | Noticed a necrophage
    33 | D:5      | Killed a necrophage
    34 | D:5      | Reached skill level 7 in Stealth
    34 | D:5      | Reached XP level 2. HP: 7/21 MP: 2/2
    34 | D:5      | Reached XP level 3. HP: 9/26 MP: 3/3
   469 | D:5      | Reached XP level 4. HP: 33/33 MP: 4/4
   645 | D:3      | HP: 1/33 [orc/+0 short sword (4)]
   645 | D:3      | Slain by a ball python

Illustrated notes

Levels and vault maps discovered:
D:3:      layout_basic, good_gods_temple_1, nemelex_spade_bored_becter
D:4:      layout_basic, bloody_makhleb, overflow_temple_1_default,
          nicolae_take_the_stairs, minmay_bent
D:5:      layout_gridville, nicolae_concentric_dashed_squares_mild,
          minivault_27, corexii_corridor_pit

Skill      XL: |  1  2  3 |
---------------+----------+-----
Stealth        | 7 |  7.4
Dodging        | 3 |  3.0
Fighting       | |  3.8
Short Blades   | |  2.0

Action                   |  1- 3 |  4- 6 || total
-------------------------+-------+-------++-------
Melee: Short sword       |     6 |     6 ||    12
       Tentacles         |     3 |     3 ||     6
       Constrict         |     1 |     2 ||     3
 Stab: Sleeping          |     1 |       ||     1
Armor: Skin              |       |     2 ||     2
Dodge: Dodged            |     2 |    17 ||    19
